 Dungeon Crawl Stone Soup version 0.32-a0-909-gc671339a80 (webtiles) character file.

Game seed: 14597119088662930419

141761 Autsider the Convoker (level 16, -8/88 HPs)
             Began as a Felid Summoner on Apr 6, 2024.
             Was an Initiate of Gozag.
             Mangled by an eldritch tentacle (10 damage)
             ... called by the player character
             ... on level 3 of the Snake Pit.
             The game lasted 02:48:31 (37132 turns).

Autsider the Convoker (Felid Summoner)             Turns: 37132, Time: 02:48:32

Health: -8/88      AC:  3    Str:  6    XL:     16   Next: 78%
Magic:  35/35      EV: 16    Int: 28    God:    Gozag
Gold:   3705       SH:  0    Dex: 19    Spells: 7/43 levels left
                                        Lives:  0   Deaths: 2

rFire   . . .        (weapon unavailable)
rCold   + . .        (shield unavailable)
rNeg    . . .        (body armour unavailable)
rPois   +            (helmet unavailable)
rElec   .            (cloak unavailable)
rCorr   .            (gloves unavailable)
SInv    +            (boots unavailable)
Will    ++...        c - amulet of Vitality {Regen++ RegenMP++}
Stlth   +++++        z - ring of Imotap {rPois EV+5 Int+5}
HPRegen 1.94/turn    A - ring of wizardry
MPRegen 1.04/turn

%: wizardry (x1)
@: petrifying, hasted, quick
A: very small, claws 1, fangs 3, see invisible, shaggy fur 3, stealthy paws, no
weapons or thrown items, no armour, multi-lived
a: Renounce Religion, Potion Petition, Call Merchant, Bribe Branch


You were on level 3 of the Snake Pit.
You worshipped Gozag.
Gozag was most pleased with you.
You visited 5 branches of the dungeon, and saw 26 of its levels.
You also visited: Ossuary and Ice Cave.

You collected 9660 gold pieces.
You spent 4406 gold pieces at shops.
You paid 1549 gold pieces to Gozag.

Inventory:

Jewellery
 c - the amulet of Vitality (around neck) {Regen++ RegenMP++}
   (You bought it in a shop on level 9 of the Dungeon)

   [amulet of nothing]

   Regen++:   It increases your rate of health regeneration.
   RegenMP++: It increases your rate of magic regeneration.
 e - a +4 ring of protection
 t - a ring of magical power
 z - the ring of Imotap (left paw) {rPois EV+5 Int+5}
   (You found it on level 2 of the Lair of Beasts)

   [ring of evasion]

   EV+5:      It affects your evasion (+5).
   Int+5:     It affects your intelligence (+5).
   rPois:     It protects you from poison.
 A - a ring of wizardry (right paw)
 F - a ring of resist corrosion
 L - a ring of positive energy
 S - a ring of protection from cold
Wands
 m - a wand of charming (22)
 q - a wand of flame (23)
 r - a wand of polymorph (18)
 y - a wand of light (5)
 M - a wand of mindburst (8)
 N - a wand of roots (12)
Scrolls
 a - 3 scrolls of immolation
 f - 4 scrolls of amnesia
 g - 5 scrolls of teleportation {@r2}
 i - 3 scrolls of identify {@r1}
 n - a scroll of silence
 o - 5 scrolls of poison
 s - 2 scrolls of summoning
 u - a scroll of fog
 x - 3 scrolls of fear
 C - 2 scrolls of blinking
 D - 2 scrolls of vulnerability
 I - 2 scrolls of noise
 P - 6 scrolls of revelation
Potions
 b - 2 potions of might
 d - 4 potions of haste
 h - 6 potions of enlightenment
 j - 2 potions of berserk rage
 k - a potion of cancellation
 l - 8 potions of brilliance
 p - 4 potions of attraction
 v - a potion of mutation
 w - 4 potions of lignification
 B - 3 potions of heal wounds {@q2}
 E - a potion of resistance
 G - 2 potions of ambrosia
 H - 2 potions of magic
 K - 4 potions of curing {@q1}
Miscellaneous
 R - a Gell's gravitambourine (2/2)


   Skills:
 - Level 12.0 Fighting
 - Level 14.0 Dodging
 - Level 10.2 Stealth
 - Level 14.0 Spellcasting
 + Level 19.4 Summonings
 + Level 13.1 Necromancy
 - Level 8.8 Translocations
 - Level 5.0 Fire Magic
 - Level 5.0 Air Magic
 - Level 5.0 Evocations
 + Level 2.5 Shapeshifting


You had 7 spell levels left.
You knew the following spells:

 Your Spells              Type           Power      Damage    Failure   Level
a - Monstrous Menagerie   Summ           45%        N/A       1%          7
b - Summon Horrible Thin  Summ           45%        N/A       2%          8
c - Summon Lightning Spi  Summ/Air       73%        N/A       1%          4
d - Malign Gateway        Summ/Tloc      39%        N/A       2%          7
e - Haunt                 Necr/Summ      42%        N/A       1%          7
x - Summon Small Mammal   Summ           100%       N/A       0%          1
z - Blink                 Tloc           100%       N/A       1%          2

Your spell library contained the following spells:

 Spells                   Type           Power      Damage    Failure   Level
 Call Imp                 Summ           100%       N/A       0%          2
 Call Canine Familiar     Summ           91%        N/A       0%          3
 Freeze                   Ice            76%        1d8       1%          1
 Magic Dart               Conj           76%        1d6       1%          1
 Sting                    Conj/Alch      76%        1d7       1%          1
 Ensorcelled Hibernation  Hex/Ice        38%        N/A       1%          2
 Lesser Beckoning         Tloc           100%       N/A       1%          2
 Mercury Vapours          Alch/Air       66%        N/A       1%          2
 Momentum Strike          Conj/Tloc      88%        3d10      1%          2
 Static Discharge         Conj/Air       66%        3-6/arc   1%          2
 Maxwell's Portable Pile  Tloc           62%        2d(11-32) 1%          3
 Teleport Other           Tloc           62%        N/A       1%          3
 Airstrike                Air            23%        2d(4-20)  1%          4
 Passage of Golubria      Tloc           62%        N/A       1%          4
 Summon Blazeheart Golem  Fire/Summ      73%        N/A       1%          4
 Summon Cactus Giant      Summ           45%        N/A       1%          6
 Frozen Ramparts          Ice            38%        1d6       3%          3
 Hailstorm                Conj/Ice       19%        3d7       3%          3
 Ozocubu's Armour         Ice            19%        N/A       3%          3
 Stone Arrow              Conj/Erth      38%        3d9       3%          3
 Sticky Flame             Fire/Alch      33%        2d7       4%          4
 Dispersal                Tloc           31%        N/A       4%          6
 Gell's Gavotte           Tloc           31%        2d(25-37) 4%          6
 Leda's Liquefaction      Alch/Erth      9%         N/A       11%         4
 Arcjolt                  Conj/Air       16%        1d26      11%         5
 Silence                  Hex/Air        16%        N/A       11%         5
 Manifold Assault         Tloc           31%        N/A       24%         7
 Lee's Rapid Deconstruct  Erth           9%         3d7*      28%         5
 Metabolic Englaciation   Hex/Ice        9%         N/A       28%         5
 Eringya's Noxious Bog    Alch           9%         4d6       82%         6
 Permafrost Eruption      Ice/Erth       9%         2x4d3     82%         6
 Infestation              Necr           37%        N/A       32%         8
 Disjunction              Tloc           31%        N/A       86%         8
 Lehudib's Crystal Spear  Conj/Erth      9%         10d4      100%        8
 Maxwell's Capacitive Co  Air            23%        ∞         100%        8
 Animate Armour           Summ/Erth      Unusable   N/A       N/A         4

Dungeon Overview and Level Annotations

Branches:
Dungeon (15/15)            Temple (1/1) D:4            Lair (5/5) D:9
 Shoals (0/4) Lair:2        Snake (3/4) Lair:2        Slime (0/5) Lair:4
    Orc (2/2) D:12            Elf (0/3) Orc:2        Vaults (0/5) D:13
 Depths (0/4) D:15        Ossuary (visited)           IceCv (visited)

Altars:
Ashenzari
Cheibriados
Dithmenos
Elyvilon
Fedhas
Gozag
Hepliaklqana
Kikubaaqudgha
Makhleb
Nemelex Xobeh
Okawaru
Qazlal
Ru
Sif Muna
Trog
Uskayaw
Vehumet
Wu Jian
Xom
Yredelemnul
Zin
The Shining One
Beogh
Jiyva
Lugonu

Shops:
D:4 :   D:6 (([*[   D:8 [   D:9 ==:   D:13 (   Orc:2 [([(   Snake:1 =

Portals:
Abyss: Lair:5

Annotations:
D:12 exclusion: downstairs
D:14 2 transporters, 3 runed translucent doors, Konar's ghost, journeyman CoHu
Lair:2 exclusion: 2 downstairs
Lair:3 exclusion: downstairs
Snake:1 exclusion: downstairs
Snake:3 3 runed translucent doors, Bai Suzhen; Noucar's ghost, adept MiMo


Innate Abilities, Weirdness & Mutations

You have sharp claws.
You have razor-sharp teeth.
You have supernaturally acute eyesight. (SInv)
Your thick and shaggy fur keeps you warm. (AC +3, rC+)
Your paws help you pounce on unaware monsters.
You are incapable of wielding weapons or throwing items.
You cannot wear armour.
You gain extra lives every three experience levels.


Message History

Your lindwurm dies!
Your lindwurm's corpse disappears in a puff of smoke!
The dungeon shakes, a horrible noise fills the air, and a portal to some otherworldly place is opened!
The black mamba closely misses you.
You closely miss the black mamba. Your bite misses the black mamba.
The black mamba is severely wounded.
The black mamba misses you.
Your eldritch tentacle slaps the black mamba.
Your eldritch tentacle claws the black mamba!!
The black mamba dies!
You now have 3705 gold pieces (gained 8).
Your eldritch tentacle suddenly becomes enraged!
The eldritch tentacle slaps you!
You are engulfed in flames!!
The eldritch tentacle completely misses you.
The eldritch tentacle barely misses you.
The eldritch tentacle completely misses you.
The eldritch tentacle misses you.
The eldritch tentacle completely misses you.
An eldritch tentacle segment comes into view.
The eldritch tentacle closely misses you.
The eldritch tentacle misses you.
An eldritch tentacle segment comes into view.
The eldritch tentacle completely misses you.
The eldritch tentacle closely misses you.
The eldritch tentacle slaps you!
* * * LOW HITPOINT WARNING * * *
You are slowing down.
The eldritch tentacle claws you but does no damage.
The eldritch tentacle slaps you!
* * * LOW HITPOINT WARNING * * *
You are engulfed in flames!!
* * * LOW HITPOINT WARNING * * *
The eldritch tentacle claws you!
* * * LOW HITPOINT WARNING * * *
You feel yourself speed up. The eldritch tentacle slaps you!!
* * * LOW HITPOINT WARNING * * *
The eldritch tentacle freezes you! You resist.
You die...
Your body crumbles into a pile of gold. ..............##..#.# #.#####.## ....##..###....####.####.# .NS

...###...###..........#..#
..
..##.......##.........##..
.d
..#.........#......*...##
.
#.#.........#...../.....#
#
......>.>........│..###.#
#.............###w###.###
#.....>.>.......@.......#
..#.........#.#......##..
..#.........#.###.##.#
..##.......##..#...###
...###...###.........
..#####...#....#####.# ..#
#.....#.......# ..
.##.#.....#.#...### ..
....#.......#.###..


You could see an eldritch tentacle.

Vanquished Creatures
  2 hydras (Lair:3)
  A centaur warrior (D:14)
  3 two-headed ogres
  A tengu warrior (D:15)
  The ghost of nago the Covert, a novice NaDe of Beogh (D:7)
  2 skeletal warriors (D:13)
  An arcanist (D:14)
  Maurice (D:8)
  An orc knight (Orc:1)
  3 ugly things (D:15)
  3 cyclopes (D:11)
  6 elephants
  3 slime creatures
  A large abomination (Lair:5)
  Maggie (D:8)
  A cane toad (Lair:2)
  A tengu conjurer (D:14)
  2 polar bears
  13 yaks
  A wraith (Lair:3)
  2 wyverns
  Grum (D:9)
  A basilisk (D:12)
  2 wargs (Orc:1)
  6 vampire mosquitoes
  5 water moccasins
  7 orc warriors
  2 ice beasts
  2 small abominations (Lair:5)
  An ogre (Orc:1)
  2 boggarts (D:14)
  A wolf (D:9)
  A nameless horror (D:6)
  2 bullfrogs
  A gnoll sergeant (D:11)
  2 scorpions (D:6)
  5 wights
  3 killer bees (D:9)
  4 electric eels (D:9)
  A crimson imp (D:4)
  2 hounds (D:9)
  4 orc priests
  2 iguanas
  A sleepcap (D:5)
  An orc wizard (D:11)
  3 gnolls
  2 adders
  7 orcs
  An endoplasm (D:1)
  A giant cockroach (D:1)
  A goblin (D:4)
  A hobgoblin (D:1)
  A jackal (D:1)
  A kobold (D:1)
  A bat (D:1)
  A goblin skeleton (Ossuary)
  4 rats
  A butterfly (D:6)
134 creatures vanquished.

Vanquished Creatures (collateral kills)
  Jorgrun (Snake:2)
  Asterion (Snake:3)
  3 eldritch tentacles
  Kirke (Lair:4)
  3 nagarajas
  Aizul (Snake:1)
  3 orc warlords
  Josephine (Lair:4)
  An ettin (Orc:1)
  Fannar (Lair:1)
  A rakshasa (D:15)
  4 hydras
  A catoblepas (Lair:3)
  4 centaur warriors
  9 anacondas
  3 boulder beetles
  A two-headed ogre (Orc:1)
  6 death yaks (Lair:4)
  2 tengu warriors
  3 thrashing horrors (Lair:5)
  3 occultists (D:15)
  3 orc high priests
  9 naga sharpshooters (Snake:1)
  3 shock serpents
  3 naga warriors
  A skeletal warrior (D:13)
  2 mana vipers (Snake:1)
  3 naga ritualists
  2 sea snakes (Snake:1)
  2 arcanists (D:13)
  A wolf spider zombie (D:15)
  2 orc knights
  A deep elf pyromancer (D:14)
  2 large abominations (Lair:5)
  A necromancer (D:15)
  3 manticores
  A wolf spider (D:15)
  4 orc sorcerers
  9 salamanders
  10 ugly things
  10 guardian serpents
  A merfolk siren (Lair:2)
  13 elephants (Lair:3)
  A guardian serpent (shapeshifter) (D:14)
  A torpor snail (Lair:2)
  2 ice statues (IceCv)
  2 kobold blastminers (Orc:2)
  8 naga magi
  20 black mambas
  2 centaur skeletons (D:15)
  A freezing wraith (IceCv)
  2 rime drakes
  5 komodo dragons
  5 cane toads
  A tengu conjurer (D:13)
  2 ice devils (Orc:2)
  6 trolls
  A polar bear (shapeshifter) (Lair:5)
  3 polar bears
  24 blink frogs
  A raiju (Lair:5)
  6 slime creatures
  23 dream sheep
  A shadow (D:13)
  2 spriggans (Lair:5)
  2 wyverns
  36 yaks
  3 ynoxinuls (Lair:5)
  6 wraiths
  4 hogs (Lair:4)
  6 basilisks
  6 vampire mosquitoes
  5 wargs
  A chaos spawn (Lair:5)
  6 small abominations (Lair:5)
  23 nagas
  A steam dragon (D:9)
  Menkaure (Ossuary)
  3 acid dragons
  19 water moccasins
  Duvessa (D:6)
  7 nameless horrors
  An ice beast (D:7)
  37 orc warriors
  A black bear (D:4)
  7 wolves
  2 laughing skulls (D:13)
  A boggart (D:14)
  6 ogres
  3 centaurs (D:13)
  A gnoll sergeant (D:10)
  13 bullfrogs
  8 scorpions
  2 wights
  Dowan (D:6)
  2 elephant simulacra (IceCv)
  9 killer bees
  2 electric eels (Snake:1)
  3 crimson imps (D:4)
  5 hounds
  2 jellies
  A gnoll bouda (D:10)
  16 orc priests
  Natasha (thrice) (D:4)
  4 iguanas
  20 orc wizards
  5 hell rats (Lair:2)
  A polar bear simulacrum (IceCv)
  Robin (D:4)
  4 mummies
  9 adders
  12 gnolls
  A white imp (D:5)
  2 dart slugs
  108 orcs
  3 bats
  6 endoplasms
  4 giant cockroaches
  8 goblins
  5 hobgoblins
  A jackal (D:1)
  3 quokkas
  6 ball pythons
  5 frilled lizards
  2 gnoll skeletons (Ossuary)
  6 gnoll zombies (Ossuary)
  6 goblin skeletons (Ossuary)
  4 goblin zombies (Ossuary)
  4 hobgoblin skeletons (Ossuary)
  2 hobgoblin zombies (Ossuary)
  3 kobolds
  5 kobold skeletons (Ossuary)
  6 kobold zombies (Ossuary)
  4 orc skeletons (Ossuary)
  3 orc zombies (Ossuary)
  5 rats
  3 rat skeletons (Ossuary)
  4 rat zombies (Ossuary)
  A butterfly (D:6)
  A spectral weapon (Snake:3)
781 creatures vanquished.

Vanquished Creatures (others)
  7 eldritch tentacles
  An ugly thing (D:14)
  2 boggarts (D:14)
  2 orcs (Orc:2)
  97 blazeheart cores
109 creatures vanquished.

Grand Total: 1024 creatures vanquished

Notes
Turn   | Place    | Note
-------+----------+-------------------------------------------
     0 | D:1      | Autsider the Felid Summoner began the quest for the Orb.
     0 | D:1      | Reached XP level 1. HP: 9/9 MP: 4/4
   218 | D:1      | Reached XP level 2. HP: 13/13 MP: 1/6
   567 | D:1      | Learned a level 2 spell: Call Imp
  1138 | D:2      | Reached XP level 3. HP: 16/16 MP: 1/8
  1633 | D:2      | Learned a level 3 spell: Call Canine Familiar
  1708 | D:2      | Reached XP level 4. HP: 21/21 MP: 6/9
  1708 | D:2      | Gained a life (2 lives remaining)
  2055 | D:2      | Reached skill level 5 in Summonings
  3235 | D:4      | Learned a level 4 spell: Summon Blazeheart Golem
  3254 | D:4      | Reached XP level 5. HP: 24/24 MP: 5/11
  3369 | D:4      | Found Dyergh's Self-Published Books.
  3416 | D:4      | Found a hide-covered altar of Uskayaw.
  3444 | D:4      | Reached skill level 1 in Fire Magic
  3563 | D:4      | Noticed a black bear
  3577 | D:4      | Killed a black bear
  3578 | D:4      | Gained mutation: You are covered in thick fur. (AC +2)
                  | [Felid growth]
  3578 | D:4      | Reached XP level 6. HP: 28/28 MP: 2/13
  3701 | D:4      | Noticed Robin
  3761 | D:4      | Killed Robin
  3965 | D:4      | Found a staircase to the Ecumenical Temple.
  3975 | Temple   | Entered the Ecumenical Temple
  4112 | D:4      | Found a shimmering altar of Xom.
  4135 | D:4      | Reached skill level 1 in Fighting
  4234 | D:4      | Reached skill level 6 in Summonings
  4234 | D:4      | Reached XP level 7. HP: 31/33 MP: 14/14
  4305 | D:4      | Noticed Natasha
  4306 | D:4      | Noticed a nameless horror
  4327 | D:4      | Killed a nameless horror
  4448 | D:4      | Killed Natasha
  4606 | D:4      | Noticed Natasha
  4613 | D:4      | Killed Natasha
  4908 | D:4      | Noticed Natasha
  4936 | D:4      | Killed Natasha
  4989 | D:5      | Entered Level 5 of the Dungeon
  5154 | D:5      | Found an opulent altar of Gozag.
  5177 | D:5      | Reached skill level 5 in Spellcasting
  5346 | D:5      | Found a basalt altar of Yredelemnul.
  5468 | D:5      | Found a shimmering blue altar of Sif Muna.
  5479 | D:5      | Found a burning altar of Makhleb.
  5916 | D:6      | Found Plog's Antique Weapon Shop.
  5941 | D:6      | Learned a level 4 spell: Summon Lightning Spire
  5941 | D:6      | Identified 2 scrolls of acquirement
  5941 | D:6      | Acquired a manual of Summonings
  6107 | D:6      | Found a sand-covered staircase.
  6120 | Ossuary  | Entered an ossuary
  6601 | Ossuary  | Reached XP level 8. HP: 40/40 MP: 16/16
  6779 | Ossuary  | Noticed Menkaure
  6783 | Ossuary  | Noticed a nameless horror
  7000 | Ossuary  | Killed a nameless horror
  7194 | Ossuary  | Killed Menkaure
  7195 | Ossuary  | Reached skill level 7 in Summonings
  7363 | D:6      | Reached skill level 1 in Air Magic
  7523 | D:5      | Became a worshipper of Gozag Ym Sagoz the Greedy
  7589 | D:6      | Found Tadwuo's Antique Weapon Boutique.
  7630 | D:6      | Found Wetazxats's Antique Armour Shop.
  7640 | D:6      | Found Ceurghog's General Store.
  7652 | D:6      | Bought a scroll of fog for 48 gold pieces
  7652 | D:6      | Bought a scroll of identify for 24 gold pieces
  7652 | D:6      | Bought a potion of lignification for 36 gold pieces
  7683 | D:6      | Noticed Duvessa
  7695 | D:6      | Noticed Dowan
  7701 | D:6      | Killed Duvessa
  7704 | D:6      | Killed Dowan
  8005 | D:6      | Found a runed translucent door.
  8087 | D:6      | Found Wodak's Antique Armour Boutique.
  8370 | D:6      | Found a runed translucent door.
  8477 | D:6      | Acquired Autsider's Verses on Degeneration and Doom
  8527 | D:7      | Reached XP level 9. HP: 14/45 MP: 11/18
  8807 | D:7      | Reached skill level 1 in Evocations
  8957 | D:7      | Reached skill level 8 in Summonings
  9086 | D:7      | Found a runed translucent gate.
  9087 | D:7      | Found a runed translucent gate.
  9088 | D:7      | Noticed nago's ghost (novice NaDe)
  9089 | D:7      | Found a runed translucent gate.
  9487 | D:7      | Found a roughly hewn altar of Beogh.
  9669 | D:8      | Reached skill level 5 in Stealth
  9674 | D:8      | Found Wozonn's Armour Emporium.
  9772 | D:8      | Noticed Maurice
  9828 | D:8      | Killed Maurice
  9829 | D:8      | Reached skill level 5 in Dodging
  9829 | D:8      | Reached skill level 5 in Fire Magic
 10089 | D:8      | Noticed Maggie
 10107 | D:8      | Killed Maggie
 10476 | D:4      | Bought the Codex of Ranged Poking for 390 gold pieces
 10576 | D:9      | Found Hofeust's Book Emporium.
 10576 | D:9      | Noticed Grum
 10583 | D:9      | Reached skill level 5 in Fighting
 10588 | D:9      | Killed Grum
 10607 | D:9      | Reached XP level 10. HP: 7/51 MP: 10/20
 10607 | D:9      | Noticed a two-headed ogre
 10612 | D:10     | Entered Level 10 of the Dungeon
 10630 | D:10     | Reached skill level 9 in Summonings
 10890 | D:10     | Found an ancient bone altar of Kikubaaqudgha.
 10967 | D:10     | Noticed a two-headed ogre
 10985 | D:10     | Killed a two-headed ogre
 11141 | D:10     | Found a glowing golden altar of the Shining One.
 11748 | D:10     | Found a stormy altar of Qazlal.
 12844 | D:9      | Reached skill level 10 in Summonings
 12884 | D:9      | Killed a two-headed ogre
 13000 | D:9      | Bought a book of Storms for 312 gold pieces
 13005 | D:9      | Learned a level 4 spell: Airstrike
 13106 | D:9      | Found a staircase to the Lair.
 13497 | D:9      | Reached XP level 11. HP: 45/56 MP: 4/22
 13957 | D:11     | Reached skill level 5 in Evocations
 14971 | D:9      | Bought a book of Spatial Translocations for 216 gold pieces
 14974 | D:9      | Learned a level 2 spell: Blink
 15103 | D:7      | Killed nago's ghost
 15104 | D:7      | Reached skill level 11 in Summonings
 15104 | D:7      | Reached skill level 1 in Translocations
 15604 | D:12     | Reached skill level 5 in Air Magic
 16184 | D:12     | Found a staircase to the Orcish Mines.
 16679 | D:12     | Noticed a two-headed ogre
 16687 | D:12     | Killed a two-headed ogre
 17056 | Lair:1   | Entered Level 1 of the Lair of Beasts
 17153 | D:4      | Bought the Spellbook of the Grander Grimoire for 858 gold
                  | pieces
 17161 | D:4      | Learned a level 7 spell: Monstrous Menagerie
 17310 | Lair:1   | Noticed Fannar
 17318 | Lair:1   | Killed Fannar
 17319 | Lair:1   | Reached skill level 10 in Stealth
 17319 | Lair:1   | Gained mutation: Your thick and shaggy fur keeps you warm.
                  | (AC +3, rC+) [Felid growth]
 17319 | Lair:1   | Reached XP level 12. HP: 25/63 MP: 14/25
 17599 | Lair:1   | Acquired a manual of Summonings
 17601 | Lair:1   | Acquired a manual of Necromancy
 17871 | Lair:1   | Reached skill level 12 in Summonings
 18262 | Lair:2   | Reached skill level 1 in Necromancy
 18263 | Lair:2   | Identified the ring of Imotap {rPois EV+5 Int+5}
 18384 | Lair:2   | Reached skill level 10 in Dodging
 18628 | Lair:2   | Found a staircase to the Snake Pit.
 19164 | Lair:2   | Found a staircase to the Shoals.
 19233 | Lair:2   | Reached skill level 5 in Necromancy
 19235 | Lair:2   | Reached skill level 13 in Summonings
 20007 | Lair:3   | Noticed a catoblepas
 20009 | Lair:3   | Reached XP level 13. HP: 62/70 MP: 5/27
 20223 | Lair:3   | Reached skill level 14 in Summonings
 20744 | Lair:3   | You fall into a shaft and drop 2 floors!
 20744 | Lair:5   | Entered Level 5 of the Lair of Beasts
 20870 | Lair:5   | Reached skill level 10 in Spellcasting
 21080 | Lair:3   | Reached skill level 10 in Fighting
 21756 | Lair:3   | Reached skill level 15 in Summonings
 22096 | Lair:4   | Noticed Kirke
 22243 | Lair:4   | Found a viscous altar of Jiyva.
 22243 | Lair:4   | Found a staircase to the Slime Pits.
 22250 | Lair:4   | Noticed Josephine
 22255 | Lair:4   | Killed Josephine
 22256 | Lair:4   | Reached skill level 10 in Necromancy
 22557 | Lair:4   | Killed Kirke
 22573 | Lair:4   | Learned a level 7 spell: Haunt
 22850 | Lair:4   | Reached skill level 16 in Summonings
 22878 | Lair:4   | Reached XP level 14. HP: 71/77 MP: 6/30
 24155 | Lair:5   | Reached skill level 17 in Summonings
 24880 | Lair:5   | Identified the +2 long sword of Agony {freeze, rF+ rC++}
 25235 | Lair:5   | Reached skill level 18 in Summonings
 25623 | Lair:5   | Found a corrupted altar of Lugonu.
 25623 | Lair:5   | Found a one-way gate to the infinite horrors of the Abyss.
 27054 | D:13     | Found Epheunneges's Weapon Emporium.
 27403 | D:13     | Found a gate to the Vaults.
 28034 | D:14     | Reached XP level 15. HP: 81/81 MP: 6/32
 28335 | D:14     | Found a transporter.
 28339 | D:14     | Found a white marble altar of Elyvilon.
 28339 | D:14     | Found a transporter.
 29346 | D:14     | Found a runed translucent gate.
 29347 | D:14     | Found a runed translucent gate.
 29347 | D:14     | Noticed an azure jelly
 29348 | D:14     | Found a runed translucent gate.
 29349 | D:14     | Noticed an acid blob
 29349 | D:14     | Noticed Konar's ghost (journeyman CoHu)
 29351 | D:14     | Found a viscous altar of Jiyva.
 29532 | D:9      | Bought an amulet of magic regeneration for 510 gold pieces
 29623 | Orc:1    | Entered Level 1 of the Orcish Mines
 30441 | Orc:2    | Entered Level 2 of the Orcish Mines
 30461 | Orc:2    | Found a roughly hewn altar of Beogh.
 30499 | Orc:2    | Found Yluezuewn's Antique Weapon Boutique.
 30631 | Orc:2    | Found a roughly hewn altar of Beogh.
 30633 | Orc:2    | Found Qubbai's Antique Armour Emporium.
 30671 | Orc:2    | Found a frozen archway.
 30695 | IceCv    | Entered an ice cave
 30715 | IceCv    | Found a transporter.
 30750 | IceCv    | Found a transporter.
 31136 | Orc:2    | Found Noseom's Antique Armour Shoppe.
 31140 | Orc:2    | Found Refoesha's Antique Weapon Emporium.
 31142 | Orc:2    | Found a roughly hewn altar of Beogh.
 31455 | Orc:2    | Found a staircase to the Elven Halls.
 31515 | Orc:2    | Found a roughly hewn altar of Beogh.
 31542 | Orc:2    | Found Manneawizi's Armour Emporium.
 31834 | Orc:2    | Found a roughly hewn altar of Beogh.
 31940 | Orc:2    | Reached skill level 5 in Translocations
 32349 | D:15     | Entered Level 15 of the Dungeon
 33017 | D:15     | Found a staircase to the Depths.
 33771 | D:9      | Learned a level 7 spell: Malign Gateway
 33782 | D:9      | Bought the amulet of Vitality {Regen++ RegenMP++} for 1700
                  | gold pieces
 33782 | D:9      | Found the amulet of Vitality {Regen++ RegenMP++}
 33895 | D:4      | Bought the Volume of Modern Magic, Vol. 19 for 312 gold
                  | pieces
 34004 | D:9      | Learned a level 8 spell: Summon Horrible Things
 34063 | Snake:1  | Entered Level 1 of the Snake Pit
 34089 | Snake:1  | Found Plog's Jewellery Boutique.
 34486 | Snake:1  | Identified the serpent talisman of Jaxze {rC+ rCorr SInv}
 34486 | Snake:1  | Noticed Aizul
 34491 | Snake:1  | Reached XP level 16. HP: 88/88 MP: 29/34
 34494 | Snake:1  | Killed Aizul
 34677 | Snake:1  | Reached skill level 19 in Summonings
 35081 | Snake:2  | HP: 3/88 [naga warrior/+0 hand axe (12)]
 35081 | Snake:2  | Mangled by a naga
 35081 | Snake:2  | Lost a life (1 life remaining)
 35127 | Snake:2  | Noticed Jorgrun
 35130 | Snake:2  | Killed Jorgrun
 36309 | Snake:3  | Noticed Asterion
 36318 | Snake:3  | Noticed an Executioner
 36329 | Snake:3  | Killed from afar by Asterion
 36329 | Snake:3  | Lost a life (0 lives remaining)
 36349 | Snake:3  | Noticed Noucar's ghost (adept MiMo)
 36364 | Snake:3  | Killed Asterion
 36365 | Snake:3  | Reached skill level 1 in Shapeshifting
 36417 | Snake:3  | Found a runed translucent gate.
 36417 | Snake:3  | Found a runed translucent gate.
 36419 | Snake:3  | Found a runed translucent gate.
 37086 | Snake:3  | Noticed Bai Suzhen
 37132 | Snake:3  | HP: 2/88 [eldritch tentacle[the player character] (13)]
 37132 | Snake:3  | Mangled by an eldritch tentacle

Illustrated notes

Levels and vault maps discovered:
D:1:      nagdon_arrival_double_spiral, layout_loops_ring,
          hangedman_decor_peaks_small
D:2:      layout_loops_cross
D:3:      layout_basic
D:4:      black_bear_nest_2, layout_basic, lemuel_doored_altar, led_xom_imps,
          minmay_temple_entry_mini_moons, dreamdust_mushroom_princess,
          nicolae_custom_books, kennysheep_generic_room_16, uniq_natasha,
          uniq_robin
D:5:      layout_rooms, mainiacjoe_overflow_cross_hatched, old_standard_altar,
          amethyst_overflow_temple_binary, kennysheep_generic_room_3
D:6:      lemuel_insect_pit, layout_basic, gup_ossuary_entry_pyramid,
          serial_shops, nicolae_shop_tiny_glass, nicolae_shop_behind_doors,
          shop, nicolae_stop_n_shop_2, nicolae_shop_statue_plus,
          kennysheep_doodads, uniq_duvessa
D:7:      layout_basic, biasface_ghost_orc_armoury, nicolae_figureground_sparkle
D:8:      layout_cave_pools, serial_shops, shop, uniq_maurice, uniq_maggie
D:9:      layout_cave_pools, erik_lair_island, serial_shops, nicolae_shop_trees,
          uniq_grum
D:10:     layout_roguey, amcnicky_altar_gilded, old_standard_altar,
          mainiacjoe_overflow_alcove_4
D:11:     layout_loops_corners
D:12:     layout_gridville, hiddenorc2_lemuel
D:13:     layout_loops_ring, david_vaults_1, serial_shops, shop
D:14:     layout_roguey, gammafunk_ghost_ooze, elyvilon_altar_4
D:15:     grunt_enter_depths_magical_seal, layout_loops_ring, abandoned_shop
Temple:   cyrus_circular_temple
Lair:1:   layout_chaotic_city, uniq_fannar
Lair:2:   layout_chaotic_city, minmay_shoals_entry_lonely_mermaid,
          minmay_snake_entry_six_corridors
Lair:3:   layout_loops_ring, nicolae_quartered_pool_medium,
          serial_bayou_shore_b, grunt_megastairs_4, lemuel_fruit_fields
Lair:4:   layout_cave_shapes, slime_entry_1, uniq_josephine, uniq_kirke
Lair:5:   hellmonk_lair_end_abyssal_woods, layout_regular_city, minivault_19
Snake:1:  nicolae_snake_shooting_gallery, layout_layer_cave, serial_shops, shop,
          uniq_aizul
Snake:2:  layout_misc_corridors, nicolae_fountain_basement, uniq_jorgrun
Snake:3:  nicolae_aizul_guard, layout_honeycomb, gammafunk_ghost_split,
          nrook_guardian_serpent_double, lemuel_fruit_tree, uniq_asterion,
          uniq_bai_suzhen
Orc:1:    layout_caves, nooodl_orcs_dogs
Orc:2:    grunt_orc_community_town_hall, layout_diamond_mine,
          grunt_orc_community_big_house_1, grunt_orc_community_big_house_1,
          grunt_orc_community_house_1, grunt_orc_community_house_3,
          grunt_orc_community_house_3, grunt_orc_community_house_2,
          serial_shops, nicolae_shop_behind_doors, basic_altar,
          portal_ice_cave_demonic_guard

Skill      XL: |  1  2  3  4  5  6  7  8  9 10 11 12 13 14 15 16 |
---------------+-------------------------------------------------+-----
Spellcasting   | 3 4 5 6 7 8 9 11 12 13 14 | 14.0
Summonings     | 5 6 7 8 10 11 13 16 18 19 | 19.4
Fire Magic     | 2 3 4 5 |  5.0
Fighting       | 1 3 4 5 6 7 9 10 11 12 | 12.0
Dodging        | 4 5 7 9 10 12 14 | 14.0
Stealth        | 4 6 8 10 | 10.2
Air Magic      | 2 3 4 5 |  5.0
Evocations     | 3 4 5 |  5.0
Translocations | 4 7 8 |  8.8
Necromancy     | 6 10 12 13 | 13.1
Shapeshifting  | 2 |  2.5

Action                     |  1- 3 |  4- 6 |  7- 9 | 10-12 | 13-15 | 16-18 || total
---------------------------+-------+-------+-------+-------+-------+-------++-------
  Melee: Unarmed           |    59 |    27 |    14 |     6 |    24 |     5 ||   135
         Bite              |     5 |     5 |     6 |     1 |     4 |       ||    21
   Cast: Summon Small Mamm |    34 |       |     2 |     1 |       |       ||    37
         Call Imp          |    15 |    24 |    11 |       |       |       ||    50
         Call Canine Famil |     1 |    24 |    43 |    22 |     5 |       ||    95
         Summon Blazeheart |       |     2 |    34 |    63 |    70 |       ||   169
         Summon Lightning  |       |       |     4 |    44 |    57 |     5 ||   110
         Airstrike         |       |       |       |    16 |     7 |       ||    23
         Monstrous Menager |       |       |       |    19 |   159 |    42 ||   220
         Haunt             |       |       |       |       |    49 |    25 ||    74
         Summon Horrible T |       |       |       |       |     4 |    10 ||    14
         Malign Gateway    |       |       |       |       |     2 |     9 ||    11
 Invoke: Call Merchant     |       |       |       |       |     2 |       ||     2
  Evoke: Wand              |       |       |     5 |       |       |       ||     5
    Use: Scroll            |       |       |    21 |    11 |     7 |       ||    39
         Potion            |       |       |    10 |     3 |     2 |     1 ||    16
   Stab: Sleeping          |     1 |       |       |       |       |       ||     1
         Distracted        |     1 |       |       |       |       |     1 ||     2
 Armour: Skin              |    25 |    22 |    50 |    55 |   113 |    68 ||   333
  Dodge: Dodged            |    63 |    48 |    58 |    94 |   248 |   128 ||   639

Table legend: (Time is in decaauts)
 A = Elapsed time spent in this place.
 B = Non-inter-level travel time spent in this place.
 C = Inter-level travel time spent in this place.
 D = Time resting spent in this place.
 E = Time spent auto-exploring this place.
 F = Levels seen in this place.
 G = Mean time per level.
                   A        B        C        D        E       F      G
               +--------+--------+--------+--------+--------+-----+--------+
         Total |  37296 |  34041 |   3255 |   6899 |  19056 |  28 | 1332.0 |
       Dungeon |  21122 |  18592 |   2530 |   3619 |  11112 |  15 | 1408.1 |
        Temple |      1 |      0 |      1 |      0 |      0 |   1 |    1.0 |
          Lair |   9223 |   8815 |    408 |   2396 |   4591 |   5 | 1844.6 |
     Snake Pit |   3069 |   2938 |    131 |     92 |   1759 |   3 | 1023.0 |
  Orcish Mines |   2390 |   2206 |    184 |    178 |   1412 |   2 | 1195.0 |
       Ossuary |   1194 |   1194 |      0 |    465 |    128 |   1 | 1194.0 |
      Ice Cave |    293 |    293 |      0 |    149 |     53 |   1 |  293.0 |
               +--------+--------+--------+--------+--------+-----+--------+

Top non-repeatable levels by time:
  Lair:5: 2750 daAuts
  Lair:3: 2143 daAuts
  Lair:2: 2045 daAuts
    D:10: 1913 daAuts
     D:4: 1877 daAuts
    D:14: 1765 daAuts
    D:12: 1616 daAuts
     D:9: 1602 daAuts
     D:6: 1511 daAuts
 Snake:1: 1482 daAuts
   Orc:2: 1407 daAuts
     D:7: 1379 daAuts
    D:11: 1363 daAuts
    D:13: 1321 daAuts
     D:5: 1291 daAuts
